 Dungeon Crawl Stone Soup version 0.26.0-10-g1f06aea511 (webtiles) character file.

Game seed: 12708276449025810054

2051 Dracia the Spear-Bearer (level 9, 0/61 HPs)
             Began as a Demonspawn Gladiator on Jan 22, 2021.
             Killed from afar by Maggie (22 damage)
             ... with a bolt of fire
             ... on level 8 of the Dungeon.
             The game lasted 00:11:29 (9151 turns).

Dracia the Spear-Bearer (Demonspawn Gladiator)      Turns: 9151, Time: 00:11:30

Health: 0/61       AC:  5    Str: 17    XL:     9   Next: 4%
Magic:  9/9        EV: 13    Int: 10    God:
Gold:   396        SH:  0    Dex: 15    Spells: 8/8 levels left

rFire    . . .     SeeInvis .   x - +8 hand axe of the Unstoppable Beasts {drain, +Blink rC+}
rCold    + . .     Faith    .   (no shield)
rNeg     . . .     Spirit   .   b - +0 leather armour
rPois    .         Reflect  .   (helmet restricted)
rElec    .         Harm     .   i - +0 cloak
rCorr    .         Rampage  .   (no gloves)
Will     +....                  (no boots)
Stlth    +.........             (no amulet)
HPRegen  0.20/turn              (no ring)
MPRegen  0.11/turn              s - ring of willpower

@: no status effects
A: antennae 1, demonic guardian 1, foul stench 1, miasma immunity, sharp scales
1
a: Evoke Blink


You were on level 8 of the Dungeon.
You visited 2 branches of the dungeon, and saw 9 of its levels.

You collected 396 gold pieces.


Innate Abilities, Weirdness & Mutations

You have a pair of small antennae on your head.
A weak demonic guardian rushes to your aid.
You may emit foul miasma when damaged in melee.
You are immune to miasma.
You are partially covered in razor-sharp scales. (AC +1, Slay +1)


   Skills:
 - Level 2.0 Fighting
 + Level 7.6(9.2) Axes
 - Level 8.2(9.5) Polearms
 - Level 1.7 Throwing
 - Level 2.6 Dodging


You had 8 spell levels left.
You didn't know any spells.
Your spell library contained the following spells:

 Spells                   Type           Power        Failure   Level
 Animate Skeleton         Necr           0%           43%         1
 Apportation              Tloc           0%           43%         1
 Beastly Appendage        Tmut           0%           43%         1
 Corona                   Hex            0%           43%         1
 Magic Dart               Conj           0%           43%         1
 Summon Small Mammal      Summ           0%           43%         1
 Searing Ray              Conj           0%           56%         2
 Wereblood                Tmut           0%           56%         2
 Dazzling Flash           Conj/Hex       0%           80%         3
 Spider Form              Tmut/Pois      0%           80%         3
 Fulminant Prism          Conj/Hex       0%           99%         4
 Ice Form                 Ice/Tmut       0%           99%         4
 Iskenderun's Mystic Bla  Conj/Tloc      0%           99%         4
 Blade Hands              Tmut           0%           100%        5

Inventory:

Hand Weapons
 a - a +0 trident
 u - a +1 spear of freezing
 x - the +8 hand axe of the Unstoppable Beasts (weapon) {drain, +Blink rC+}
   (You found it on level 4 of the Dungeon)

   A truly terrible weapon, it drains the life of those it strikes.
   It protects you from cold.
   It lets you blink.
Missiles
 d - 7 throwing nets (quivered) {=f=f}
 r - 3 poisoned darts
Armour
 b - a +0 leather armour (worn)
 i - a +0 cloak (worn)
 o - a +1 helmet
Magical Staves
 h - an uncursed staff of earth {!a!a, unknown}
Jewellery
 c - an uncursed ring of protection from cold
 q - a -4 ring of slaying
 s - a ring of willpower (right hand)
 w - an uncursed ring of poison resistance {unknown}
 C - an uncursed ring of protection from cold
Wands
 n - a wand of polymorph (15)
 E - a wand of paralysis (6)
Scrolls
 f - 5 scrolls of remove curse {@r2@r2}
 l - 5 scrolls of magic mapping
 p - 6 scrolls of enchant armour
 t - a scroll of blinking
 v - 4 scrolls of teleportation {@r4@r4}
 y - a scroll of identify {@r1@r1}
Potions
 e - 2 potions of berserk rage {!q!q}
 g - 2 potions of heal wounds {@q2@q2}
 j - a potion of degeneration
 k - 3 potions of brilliance
 m - a potion of might {unknown}
 z - 2 potions of haste {@q3@q3}
 A - 2 potions of attraction
 B - a potion of mutation {unknown}
 D - a potion of flight {unknown}

Dungeon Overview and Level Annotations

Branches:
Dungeon (8/15)             Temple (1/1) D:5
   Lair: D:8-11

Altars:
Ashenzari
Cheibriados
Dithmenos
Elyvilon
Fedhas
Gozag
Kikubaaqudgha
Okawaru
Qazlal
Ru
Sif Muna
Trog
Uskayaw
Wu Jian
Xom
Yredelemnul
Zin
The Shining One

Annotations:
D:8 Erica, Maggie

.............
.....⌠......
#..........
##......_.+#
..........
#......#
#.@...###+#
#.@@..##..##
#..#5..##...+
####...##...#
#....#....#
#....'....#
##...##...#
######...#
#....+ #....#


You could see Erica (sick), Maggie (drained) and a friendly ufetubus (summoned).


Message History

Maggie zaps a wand.
You resist with almost no effort.
Erica the Fiery-Tempered comes into view.
She is wielding a +3 scimitar of flaming and wearing a +2 robe of willpower.
Erica casts a spell at you. You resist with almost no effort.
You slash Erica!
Erica is lightly wounded.
Maggie misses your ufetubus.
Erica hits you with a +3 scimitar of flaming!
Erica burns you.
Erica looks sick.
You closely miss Erica.
Erica is lightly wounded.
Your ufetubus hits Maggie but does no damage.
Your ufetubus hits Maggie.
Your ufetubus hits Maggie but does no damage. x2
Unknown command.
Maggie says, "Fear not.
I will immortalize you in the tale of my first kill."
Maggie points at you and mumbles some strange words.
The bolt of fire hits you!!
* * * LOW HITPOINT WARNING * * *
Your ufetubus barely misses Erica.
Your ufetubus misses Erica. Erica completely misses you.
Unknown command.
You hit Erica.
Erica is lightly wounded.
You slash Maggie! You drain Maggie.
Your ufetubus hits Erica but does no damage.
Your ufetubus barely misses Erica.
Maggie points at you and mumbles some strange words.
The bolt of fire hits you!!
You die...

Skill      XL: |  1  2  3  4  5  6  7  8 |
---------------+-------------------------+-----
Polearms       | 3 4 5 6 7 8 |  8.2
Axes           | 3 7 |  7.6
Fighting       | |  2.0
Throwing       | |  1.7
Dodging        | |  2.6

Action                   |  1- 3 |  4- 6 |  7- 9 || total
-------------------------+-------+-------+-------++-------
Melee: Trident           |   134 |   256 |       ||   390
       Spear             |       |    75 |   117 ||   192
       Hand axe          |       |       |   153 ||   153
Throw: Throwing net      |       |     2 |     1 ||     3
  Use: Scroll            |     7 |       |    10 ||    17
       Potion            |       |     1 |       ||     1
 Stab: Sleeping          |     3 |     1 |     2 ||     6
       Distracted        |       |     1 |     1 ||     2
       Held in net/web   |       |     1 |       ||     1
Armor: Leather armour    |    25 |   111 |    29 ||   165
Dodge: Dodged            |    70 |   225 |   106 ||   401

Levels and vault maps discovered:
D:1:      sevenhm_arrival_forest_fort_large_4, layout_loops_ring
D:2:      minmay_roachtagon, layout_rooms, uniq_jessica
D:3:      lemuel_castle_with_subvaults [lemuel_castle_interior_carwin_3],
          layout_loops_ring, lemuel_coloured_pillars_altar,
          dancing_weapons_uskayaw, nicolae_gozag_seed_capital
D:4:      layout_loops_cross, amethyst_killhole,
          nicolae_qazlal_style_of_elements, uniq_sigmund
D:5:      layout_cave_pools, minitemple, kennysheep_mini,
          minmay_temple_entry_gardened_gates, basic_altar, uniq_grinder,
          uniq_menkaure
D:6:      layout_basic, led_sif_book
D:7:      layout_loops_cross
D:8:      layout_gridville, grunt_temple_overflow_open, minmay_misc_feat_cross,
          uniq_erica, uniq_maggie
Temple:   jpeg_temple_island

Notes
Turn   | Place    | Note
-------+----------+-------------------------------------------
     0 | D:1      | Dracia the Demonspawn Gladiator began the quest for the
                  | Orb.
     0 | D:1      | Reached XP level 1. HP: 16/16 MP: 1/1
   108 | D:1      | Reached skill level 3 in Polearms
   120 | D:1      | Gained mutation: A weak demonic guardian rushes to your
                  | aid. [demonic ancestry]
   120 | D:1      | Reached XP level 2. HP: 22/22 MP: 2/2
  1022 | D:2      | Gained mutation: You are immune to miasma. [demonic
                  | ancestry]
  1022 | D:2      | Reached XP level 3. HP: 26/27 MP: 3/3
  1369 | D:2      | Reached skill level 4 in Polearms
  1480 | D:2      | Noticed Jessica
  1500 | D:2      | Killed Jessica
  1501 | D:2      | Reached XP level 4. HP: 31/33 MP: 4/4
  1802 | D:2      | Reached skill level 5 in Polearms
  2039 | D:3      | Reached XP level 5. HP: 27/38 MP: 5/5
  2494 | D:3      | Found a snail-covered altar of Cheibriados.
  3014 | D:3      | Noticed a +0 dagger
  3016 | D:3      | Noticed a +0 hand axe
  3017 | D:3      | Found a hide-covered altar of Uskayaw.
  3085 | D:3      | Found an opulent altar of Gozag.
  3450 | D:3      | Reached skill level 6 in Polearms
  3547 | D:3      | Reached XP level 6. HP: 44/44 MP: 6/6
  3647 | D:3      | HP: 1/44 [gnoll/+0 flail (6)]
  4169 | D:3      | Reached skill level 7 in Polearms
  4278 | D:3      | Gained mutation: You have a pair of small antennae on your
                  | head. [demonic ancestry]
  4278 | D:3      | Reached XP level 7. HP: 50/50 MP: 7/7
  5083 | D:4      | Reached skill level 8 in Polearms
  5369 | D:4      | Got a crude hand axe
  5370 | D:4      | Identified the +8 hand axe of the Unstoppable Beasts
                  | {drain, +Blink rC+} (You found it on level 4 of the
                  | Dungeon)
  5502 | D:4      | Noticed Sigmund
  5508 | D:4      | Killed Sigmund
  5509 | D:4      | Reached skill level 2 in Axes
  5753 | D:4      | Found a stormy altar of Qazlal.
  5757 | D:4      | Noticed a fire elemental
  5760 | D:4      | Noticed a water elemental
  5760 | D:4      | Noticed an air elemental
  5875 | D:5      | Entered Level 5 of the Dungeon
  5875 | D:5      | Noticed Menkaure
  5879 | D:5      | Killed Menkaure
  5880 | D:5      | Reached skill level 3 in Axes
  5880 | D:5      | Gained mutation: You may emit foul miasma when damaged in
                  | melee. [demonic ancestry]
  5880 | D:5      | Reached XP level 8. HP: 41/56 MP: 8/8
  6183 | D:5      | Found a shadowy altar of Dithmenos.
  6196 | D:5      | Found a broken altar of Ashenzari.
  6207 | D:5      | Reached skill level 4 in Axes
  6301 | D:5      | Found a glowing silver altar of Zin.
  6303 | D:5      | Found a bloodstained altar of Trog.
  6331 | D:5      | Noticed Grinder
  6344 | D:5      | Killed Grinder
  6345 | D:5      | Reached skill level 5 in Axes
  6418 | D:5      | Found a staircase to the Ecumenical Temple.
  6840 | D:5      | Found an ancient bone altar of Kikubaaqudgha.
  7293 | D:6      | Reached skill level 6 in Axes
  7599 | D:6      | Found a shimmering blue altar of Sif Muna.
  8253 | D:7      | Reached skill level 7 in Axes
  8618 | D:7      | Gained mutation: You are partially covered in razor-sharp
                  | scales. (AC +1, Slay +1) [demonic ancestry]
  8618 | D:7      | Reached XP level 9. HP: 47/61 MP: 9/9
  8833 | Temple   | Entered the Ecumenical Temple
  9142 | D:8      | Noticed Maggie
  9145 | D:8      | Found a basalt altar of Yredelemnul.
  9146 | D:8      | Noticed Erica
  9151 | D:8      | Killed from afar by Maggie

Vanquished Creatures
  Grinder (D:5)
  Sigmund (D:4)
  A sky beast (D:5)
  2 ogres
  A bullfrog (D:8)
  2 scorpions
  2 bullfrog zombies
  A hound (D:6)
  An orc priest (D:5)
  3 orc wizards
  A centaur skeleton (D:4)
  3 gnoll shamans (D:3)
  Jessica (D:2)
  2 iguanas
  6 worker ants
  A killer bee zombie (D:7)
  A hound zombie (D:6)
  2 worker ant zombies (D:6)
  29 gnolls
  7 adders
  2 white imps
  An ufetubus (D:6)
  An ooze (D:3)
  3 worms
  A dart slug (D:1)
  5 leopard geckos
  13 orcs
  A ball python (D:2)
  6 bats
  13 giant cockroaches
  6 goblins
  7 hobgoblins
  28 jackals
  A quokka (D:4)
  9 frilled lizards
  10 kobolds
  2 quokka skeletons
  10 rats
187 creatures vanquished.

Vanquished Creatures (collateral kills)
  Menkaure (D:5)
  An ogre (D:3)
  A jelly (D:5)
  An orc priest (D:7)
  7 gnolls (D:3)
11 creatures vanquished.

Vanquished Creatures (others)
  4 plants
4 creatures vanquished.

Grand Total: 202 creatures vanquished

Table legend: (Time is in decaauts)
 A = Elapsed time spent in this place.
 B = Non-inter-level travel time spent in this place.
 C = Inter-level travel time spent in this place.
 D = Time resting spent in this place.
 E = Time spent auto-exploring this place.
 F = Levels seen in this place.
 G = Mean time per level.
                   A        B        C        D        E       F      G
               +--------+--------+--------+--------+--------+-----+--------+
         Total |   9134 |   8781 |    353 |    604 |   6779 |   9 | 1014.9 |
       Dungeon |   8957 |   8605 |    352 |    604 |   6616 |   8 | 1119.6 |
        Temple |    176 |    176 |      0 |      0 |    163 |   1 |  176.0 |
               +--------+--------+--------+--------+--------+-----+--------+

Top non-repeatable levels by time:
     D:3: 2794 daAuts
     D:6: 1155 daAuts
     D:5: 1113 daAuts
     D:4: 1023 daAuts
     D:1: 1021 daAuts
     D:2: 1006 daAuts
     D:7: 815 daAuts
  Temple: 176 daAuts
     D:8: 27 daAuts

Table legend:
 A = Non-vault XP
 B = Vault XP
 C = Vault XP percentage of total XP
 D = Non-vault monster count
 E = Vault monster count
 F = Vault count percentage of total count
                 A         B        C        D         E       F
            +---------+---------+-------+---------+---------+-------
      Total |    1655 |    1276 |  43.5 |     135 |      63 |  31.8
            +---------+---------+-------+---------+---------+-------
        D:1 |      38 |       0 |   0.0 |      24 |       0 |   0.0
        D:2 |      70 |      55 |  44.0 |      22 |      10 |  31.2
        D:3 |      89 |     642 |  87.8 |      22 |      50 |  69.4
        D:4 |     234 |     197 |  45.7 |      18 |       1 |   5.3
        D:5 |     336 |     382 |  53.2 |      14 |       2 |  12.5
        D:6 |     332 |       0 |   0.0 |      12 |       0 |   0.0
        D:7 |     460 |       0 |   0.0 |      22 |       0 |   0.0
        D:8 |      96 |       0 |   0.0 |       1 |       0 |   0.0
            +---------+---------+-------+---------+---------+-------
